 Dungeon Crawl Stone Soup version 0.21.1-1-g345015f (webtiles) character file.

222 letownia2 the Conjurer (level 5, -8/28 HPs)
             Began as a Tengu Wizard on Mar 4, 2018.
             Mangled by an ice beast (13 damage)
             ... on level 4 of the Dungeon.
             The game lasted 00:05:27 (1087 turns).

letownia2 the Conjurer (Tengu Wizard)               Turns: 1087, Time: 00:05:28

Health: -8/28      AC:  3    Str:  5    XL:     5   Next: 99%
Magic:  8/10       EV: 11    Int: 20    God:
Gold:   86         SH:  0    Dex: 12    Spells: 4/10 levels left

rFire    . . .     SeeInvis .   k - +0 hand axe (venom)
rCold    . . .     Gourm    .   (no shield)
rNeg     . . .     Faith    .   f - +0 leather armour
rPois    .         Spirit   .   b - +0 hat
rElec    .         Reflect  .   (no cloak)
rCorr    .         Harm     +   (no gloves)
MR       .....                  (boots unavailable)
Stlth    ++........             g - amulet of harm
HPRegen  0.09/turn              h - -2 ring of strength (curse)
MPRegen  0.12/turn              (no ring)

@: no status effects
A: beak, talons 3, able to fly 1
a: Fly


You were on level 4 of the Dungeon.
You were very hungry.

You visited 1 branch of the dungeon, and saw 4 of its levels.

You collected 86 gold pieces.

Inventory:

Hand Weapons
 k - a +0 hand axe of venom (weapon)
Armour
 a - a +0 robe
 b - a +0 hat (worn)
 f - a +0 leather armour (worn)
 r - a +0 ring mail
Jewellery
 g - an amulet of harm (around neck)
 h - a cursed -2 ring of strength (left hand)
Scrolls
 e - a scroll of immolation {unknown}
 i - 2 scrolls of identify {unknown}
 o - a scroll of enchant armour {unknown}
 s - a scroll of fear {unknown}
 t - a scroll of amnesia {unknown}
 u - a scroll of noise {unknown}
Potions
 j - a potion of degeneration {unknown}
 l - a potion of ambrosia
 m - a potion of haste {unknown}
 n - a potion of mutation {unknown}
 p - 2 potions of curing
Books
 c - a book of Minor Magic

   Spells                             Type                      Level
   a - Magic Dart                     Conjuration                  1
   b - Blink                          Translocation                2
   c - Call Imp                       Summoning                    2
   d - Slow                           Hexes                        2
   e - Conjure Flame                  Conjuration/Fire             3
   f - Mephitic Cloud                 Conjuration/Poison/Air       3
Comestibles
 d - 5 rations


   Skills:
 - Level 2.1 Dodging
 - Level 2.0 Stealth
 - Level 3.0 Spellcasting
 + Level 6.1 Conjurations
 - Level 1.2 Summonings
   Level 0.7 Translocations
 + Level 4.2 Air Magic


You had 4 spell levels left.
You knew the following spells:

 Your Spells              Type           Power        Failure   Level  Hunger
a - Magic Dart            Conj           ####         1%          1    None
e - Mephitic Cloud        Conj/Pois/Air  ###.....     17%         3    ###....
i - Call Imp              Summ           #.......     22%         2    ##.....


Dungeon Overview and Level Annotations

Branches:
Dungeon (4/15)
 Temple: D:4-7

Altars:
Dithmenos
Okawaru
Qazlal
Sif Muna


Innate Abilities, Weirdness & Mutations

You have a beak for a mouth.
You have claws for feet.
You can fly.


Message History

The worker ant closely misses the scorpion.
The ice beast closely misses you.
You closely miss the ice beast.
The worker ant barely misses the scorpion.
The ice beast hits you but does no damage.
You completely miss the ice beast. The ice beast closely misses you.
The worker ant bites the scorpion.
The scorpion looks even sicker.
The worker ant poisons the scorpion!
You hit the ice beast.
You peck the ice beast, but do no damage.
The ice beast is lightly wounded.
The worker ant seems less confused.
The scorpion dies!
Your Conjurations skill increases to level 6!
The ice beast hits you. The ice beast freezes you!
* * * LOW HITPOINT WARNING * * *
The ice beast hits you.
* * * LOW HITPOINT WARNING * * *
The ice beast freezes you!
You die...

# #.##########..###.# #
#...$.............########
###################..#####.......
....................>............
####################.............
#####..... ......[............
.......#############.............
............†.aY.# #.....†.......
........########@# #######.).....
.$......# #.# #....... ........#
#.# #....... ......###
###################### ......#
...............####### ......#
(.#...#...#...#....... #.#####
........(............. ..
..#...#...#...#....... ##
......................


You could see an ice beast and a worker ant.

Vanquished Creatures
  An ogre (D:4)
  A howler monkey (D:4)
  5 adders
  2 worms (D:4)
  2 leopard geckos
  3 orcs (D:4)
  A giant cockroach (D:2)
  4 hobgoblins (D:2)
  2 jackals (D:4)
  A quokka (D:2)
  2 bats (D:2)
  3 frilled lizards (D:2)
  A goblin (D:2)
  4 rats (D:2)
32 creatures vanquished.

Vanquished Creatures (others)
  A scorpion (D:4)
1 creature vanquished.

Grand Total: 33 creatures vanquished

Notes
Turn   | Place    | Note
-------+----------+-------------------------------------------
     0 | D:1      | letownia2 the Tengu Wizard began the quest for the Orb.
     0 | D:1      | Reached XP level 1. HP: 10/10 MP: 5/5
    70 | D:2      | Found an iron altar of Okawaru.
   105 | D:2      | Reached skill level 3 in Conjurations
   105 | D:2      | Reached XP level 2. HP: 15/15 MP: 1/7
   116 | D:2      | Learned a level 2 spell: Call Imp
   162 | D:2      | Found a stormy altar of Qazlal.
   461 | D:2      | Reached skill level 4 in Conjurations
   461 | D:2      | Reached XP level 3. HP: 19/19 MP: 0/8
   466 | D:2      | Learned a level 3 spell: Mephitic Cloud
   532 | D:2      | Reached skill level 1 in Air Magic
   677 | D:4      | Reached XP level 4. HP: 24/24 MP: 0/9
   719 | D:4      | Reached skill level 5 in Conjurations
   744 | D:4      | Gained mutation: You can fly. [Tengu growth]
   744 | D:4      | Reached XP level 5. HP: 28/28 MP: 7/10
   770 | D:4      | Found a shadowy altar of Dithmenos.
   877 | D:4      | Noticed an ogre
   888 | D:4      | Killed an ogre
   937 | D:4      | Noticed an ice beast
  1015 | D:4      | Found a deep blue altar of Sif Muna.
  1087 | D:4      | Reached skill level 6 in Conjurations
  1087 | D:4      | Mangled by an ice beast

Skill      XL: |  1  2  3  4  5 |
---------------+----------------+-----
Conjurations   | 3 4 5 6 |  6.1
Air Magic      | 1 2 4 |  4.2
Dodging        | |  2.1
Stealth        | |  2.0
Spellcasting   | |  3.0
Summonings     | |  1.2
Translocations | |  0.7

Action                   |  1- 3 |  4- 6 || total
-------------------------+-------+-------++-------
Melee: Hand axe          |    11 |    36 ||    47
       Peck              |     4 |     7 ||    11
       Kick              |     4 |     9 ||    13
 Cast: Magic Dart        |    35 |     5 ||    40
       Mephitic Cloud    |       |     4 ||     4
  Use: Potion            |       |     2 ||     2
Armor: Leather armour    |     2 |    12 ||    14
Dodge: Dodged            |    10 |    23 ||    33
